 Dungeon Crawl Stone Soup version 0.31.0-1-g2c135a008e (webtiles) character file.

Game seed: 14855414926145873814

154 qw the Shooter (level 5, -2/40 HPs)
             Began as a Djinni Hunter on Jan 24, 2024.
             Slain by a gnoll
             ... wielding a +0 halberd
              (6 damage)
             ... on level 3 of the Dungeon.
             The game lasted 00:00:08 (2026 turns).

qw the Shooter (Djinni Hunter)                      Turns: 2026, Time: 00:00:09

Health: -2/40      AC:  3    Str: 10    XL:     5   Next: 63%
Gold:   122        EV: 13    Int: 10    God:
                   SH:  0    Dex: 19

rFire   + + .        a - +0 shortbow
rCold   x . .        (shield currently unavailable)
rNeg    . . .        c - +0 leather armour
rPois   inf          (no helmet)
rElec   .            (no cloak)
rCorr   .            (no gloves)
SInv    .            (boots unavailable)
Will    .....        (no amulet)
Stlth   ++           (no ring)
HPRegen 0.26/turn    (no ring)
MPRegen 0.00/turn

%: infuse magic (-3 HP)
@: about to teleport, flying
A: sickness immunity, fire resistance 2, cold vulnerability 1, float, innate
caster, HP casting, extra vitality 1
a: no special abilities


You were on level 3 of the Dungeon.
You visited 1 branch of the dungeon, and saw 3 of its levels.

You collected 142 gold pieces.
You spent 20 gold pieces at shops.


Innate Abilities, Weirdness & Mutations

You are immune to sickness and miasma.
You are immune to poison.
Your flesh is very heat resistant. (rF++)
You are vulnerable to cold. (rC-)
You float through the air rather than walking.
You learn spells naturally, not from books.
Your magical power is your life essence.
You have superior vitality. (+4 MHP)


   Skills:
 - Level 3.4 Fighting
 + Level 4.3 Ranged Weapons
 - Level 3.3 Dodging
 - Level 0.7 Stealth


You knew the following spells:

 Your Spells              Type           Power      Damage    Failure   Level
a - Necrotise             Necr           0%         1d4       45%         1
b - Jinxbite              Hex            0%         N/A       61%         2
Your spell library was empty.

Inventory:

Hand Weapons
 a - a +0 shortbow (weapon)
Armour
 c - a +0 leather armour (worn)
Jewellery
 f - a ring of protection from fire
Scrolls
 d - a scroll of immolation {unknown}
Potions
 e - a potion of might
 g - a potion of curing {unknown}
 i - a potion of degeneration {unknown}
 j - a potion of heal wounds {unknown}

Dungeon Overview and Level Annotations

Branches:
Dungeon (3/15)

Altars:

Shops:
D:1 (   D:2 ?


Message History

The arrow hits the gnoll.
You kill the gnoll!
The gnoll hits you with a +0 club. x2
You shoot an arrow. The arrow hits the gnoll.
The gnoll is almost dead.
The gnoll closely misses you. The gnoll completely misses you.
You shoot an arrow. The arrow hits the gnoll.
You kill the gnoll!
The gnoll closely misses you.
You shoot an arrow. The arrow hits the gnoll.
The gnoll is moderately wounded.
The gnoll hits you from afar with a +0 halberd!
The gnoll closely misses you.
You shoot an arrow.
The arrow hits the gnoll but does no damage.
The gnoll is moderately wounded.
The gnoll misses you.
You shoot an arrow.
The arrow hits the gnoll but does no damage.
The gnoll is moderately wounded.
The gnoll barely misses you.
You shoot an arrow.
The arrow hits the gnoll but does no damage.
The gnoll is moderately wounded.
The gnoll misses you.
You shoot an arrow. The arrow hits the gnoll.
The gnoll is heavily wounded.
The gnoll hits you from afar with a +0 halberd.
You shoot an arrow. The arrow closely misses the gnoll.
The arrow hits the gnoll but does no damage.
The gnoll completely misses you.
The gnoll hits you from afar with a +0 halberd!
2025 ||| READING scroll of teleportation.
As you read the scroll of teleportation, it crumbles to dust.
You feel strangely unstable. The gnoll closely misses you.
You shoot an arrow. The arrow hits the gnoll.
The gnoll is almost dead.
The gnoll hits you from afar with a +0 halberd.
You die...

#....#....##.#
#.........##.#
#............#
#.......#....#
#....##.#....#######
#....##.............
###.###.####........
#.#........#######
#@#.#.####.#######
#)#.#.####.##.....
#g# #......##.....
.g: #......##.....
... #......##.##..
.....#.......#'##..
.....##............
......##..........##
#..........#


You could see 2 gnolls.

Vanquished Creatures
  Terence (D:2)
  An orc wizard (D:3)
  2 gnolls (D:3)
  2 adders
  A dart slug (D:1)
  2 ribbon worms
  5 orcs (D:3)
  4 ball pythons
  8 endoplasms
  A giant cockroach (D:3)
  6 goblins
  4 hobgoblins
  4 jackals (D:1)
  A kobold (D:2)
  A quokka (D:2)
  3 bats
  3 frilled lizards (D:1)
  4 rats
53 creatures vanquished.

Notes
Turn   | Place    | Note
-------+----------+-------------------------------------------
     0 | D:1      | qw the Djinni Hunter began the quest for the Orb.
     0 | D:1      | Reached XP level 1. HP: 18/18 MP: 0/0
     0 | D:1      | 0 ||| qw: Version: 0.3-a-136-gdd3b4e8
     0 | D:1      | 0 ||| qw: Game counter: 1303
     0 | D:1      | 0 ||| qw: Melee chars always use a shield: true
     0 | D:1      | 0 ||| qw: God list: Okawaru
     0 | D:1      | 0 ||| qw: Allow faded altars: false
     0 | D:1      | 0 ||| qw: Do Orc after clearing Dungeon:15 true
     0 | D:1      | 0 ||| qw: Do second Lair branch before Depths: true
     0 | D:1      | 0 ||| qw: Lair rune preference: random
     0 | D:1      | 0 ||| qw: Goals: Normal
     0 | D:1      | 0 ||| PLANNING D:1-11
   107 | D:1      | Reached XP level 2. HP: 23/23 MP: 0/0
   189 | D:1      | Found Deremp's Antique Weapon Boutique.
   509 | D:1      | 509 ||| READING scroll labelled ONIOZI DE FOUM.
   510 | D:1      | 510 ||| READING scroll labelled KOUG QOURUO.
   513 | D:1      | 513 ||| READING scroll labelled DAIDEI XUNIA.
   614 | D:1      | 614 ||| READING scroll labelled ALUFEZ ZOMU.
   615 | D:1      | 615 ||| READING scroll labelled ACYERE MANGU.
   616 | D:1      | 616 ||| DROPPING scroll of butterflies.
   633 | D:2      | Found Jeuda's Magic Scroll Emporium.
   637 | D:2      | 637 ||| SHOPLISTING 2 scrolls of identify (40 gold, have
                  | 30).
   637 | D:2      | 637 ||| SHOPLISTING 3 scrolls of identify (60 gold, have
                  | 30).
   637 | D:2      | 637 ||| SHOPLISTING scroll of acquirement (520 gold, have
                  | 30).
   637 | D:2      | 637 ||| BUYING scroll of identify (20 gold).
   637 | D:2      | Bought a scroll of identify for 20 gold pieces
   637 | D:2      | 637 ||| SHOPLISTING scroll of identify (20 gold, have 10).
   672 | D:2      | Reached XP level 3. HP: 28/28 MP: 0/0
   672 | D:2      | Learned a level 1 spell: Necrotise
   716 | D:2      | Reached skill level 4 in Ranged Weapons
   999 | D:2      | Reached XP level 4. HP: 34/34 MP: 0/0
  1005 | D:2      | Noticed Terence
  1015 | D:2      | HP: 6/34 [Terence/+0 mace (6)]
  1016 | D:2      | 1016 ||| READING scroll of teleportation.
  1017 | D:2      | Killed Terence
  1018 | D:2      | Reached skill level 3 in Fighting
  1190 | D:2      | 1190 ||| READING scroll of identify.
  1190 | D:2      | 1190 ||| IDENTIFYING lumpy orange potion
  1360 | D:2      | 1360 ||| READING scroll of identify.
  1360 | D:2      | 1360 ||| IDENTIFYING sapphire potion
  1361 | D:2      | 1361 ||| DROPPING potion of lignification.
  1582 | D:3      | HP: 8/35 [orc priest/nerve-wracking pain (14)]
  1583 | D:3      | 1583 ||| READING 2 scrolls of teleportation.
  1736 | D:3      | Reached skill level 3 in Dodging
  1736 | D:3      | Reached XP level 5. HP: 39/40 MP: 0/0
  1736 | D:3      | Learned a level 2 spell: Jinxbite
  1765 | D:3      | Found a faded altar of an unknown god.
  2024 | D:3      | HP: 4/40 [gnoll/+0 halberd (12)]
  2025 | D:3      | 2025 ||| READING scroll of teleportation.
  2026 | D:3      | Slain by a gnoll

Levels and vault maps discovered:
D:1:      minmay_arrival_shoal_huts, layout_loops_ring, serial_shops, shop
D:2:      layout_basic, serial_shops, nicolae_shop_hallway_stairs,
          lightli_corner_chamber, uniq_terence
D:3:      layout_basic, basic_ecumenical_altar, uniq_jessica

Skill      XL: |  1  2  3  4 |
---------------+-------------+-----
Ranged Weapons | 4 |  4.3
Fighting       | 3 |  3.4
Dodging        | 3 |  3.3
Stealth        | |  0.7

Action                     |  1- 3 |  4- 6 || total
---------------------------+-------+-------++-------
   Fire: Shortbow          |    88 |   100 ||   188
    Use: Scroll            |     5 |     5 ||    10
 Armour: Leather armour    |    11 |    38 ||    49
  Dodge: Dodged            |    14 |    35 ||    49

Table legend:
 A = Non-vault XP
 B = Vault XP
 C = Vault XP percentage of total XP
 D = Non-vault monster count
 E = Vault monster count
 F = Vault count percentage of total count
                 A         B        C        D         E       F
            +---------+---------+-------+---------+---------+-------
      Total |     185 |      36 |  16.3 |      52 |       1 |   1.9
            +---------+---------+-------+---------+---------+-------
        D:1 |      24 |       0 |   0.0 |      14 |       0 |   0.0
        D:2 |      53 |      36 |  40.4 |      21 |       1 |   4.5
        D:3 |     108 |       0 |   0.0 |      17 |       0 |   0.0
            +---------+---------+-------+---------+---------+-------
